 Dungeon Crawl Stone Soup version 0.30.1-4-g462c640d31 (webtiles) character file.

Game seed: 3102483410938821352

132911 arthad the Covert (level 16, -1/86 HPs)
             Began as a Spriggan Warper on Sept 2, 2023.
             Was a High Priest of Okawaru.
             Slain by Agnes
             ... wielding a +4 lajatang of speed
              (20 damage)
             ... on level 1 of the Snake Pit.
             The game lasted 01:49:40 (35351 turns).

arthad the Covert (Spriggan Warper)                Turns: 35351, Time: 01:49:41

Health: -1/86      AC: 12    Str:  9    XL:     16   Next: 58%
Magic:  0/41       EV: 34    Int: 17    God:    Okawaru [*****.]
Gold:   3556       SH: 11    Dex: 18    Spells: 9/37 levels left

rFire   + + .        J - +9 lance "Wyrmbane" {slay drac, rPois rF+ rC+ AC+3}
rCold   + + .        Z - +0 buckler of the Pleiades {MP+9}
rNeg    . . .        A - +0 troll leather armour
rPois   +            (helmet restricted)
rElec   .            g - scarf {rC+ rF+}
rCorr   .            (gloves unavailable)
SInv    +            (boots unavailable)
Will    ++...        C - amulet of guardian spirit
Stlth   +++++++      L - +4 ring of protection
HPRegen 1.14/turn    M - +5 ring of evasion
MPRegen 0.27/turn

%: guardian spirit
@: heroic, very quick
A: very small, no large weapons, unfitting armour, see invisible, speed 3,
antennae 1, large bone plates 1, passive freeze, no potion heal 1
a: Renounce Religion, Heroism, Finesse, Duel


You were on level 1 of the Snake Pit.
You worshipped Okawaru.
Okawaru was extremely pleased with you.
You visited 6 branches of the dungeon, and saw 28 of its levels.
You also visited: Bailey and Ice Cave.

You collected 4030 gold pieces.
You spent 474 gold pieces at shops.

Inventory:

Hand Weapons
 c - a +1 quick blade of draining
 e - a +2 dagger of electrocution
 J - the +9 lance "Wyrmbane" (weapon) {slay drac, rPois rF+ rC+ AC+3}
   (You took it off Maggie on level 9 of the Dungeon)

   AC:        It affects your AC (+3).
   rF:        It protects you from fire.
   rC:        It protects you from cold.
   rPois:     It protects you from poison.
 W - the +7 lajatang of Order {silver, rMut}
   (You took it off an ogre mage on level 14 of the Dungeon)

   rMut:      It protects you from mutation.
Missiles
 o - 5 atropa-tipped darts (quivered)
 B - 12 boomerangs
 H - 7 silver boomerangs
 Q - 2 throwing nets
 V - 15 poisoned darts
Armour
 g - a scarf of resistance (worn)
 p - the +9 scales of the Dragon King {rPois rF+ rC+ Will+}
   (Okawaru gifted it to you on level 3 of the Lair of Beasts)

   rF:        It protects you from fire.
   rC:        It protects you from cold.
   rPois:     It protects you from poison.
   Will:      It increases your willpower.
 A - a +0 troll leather armour (worn)
 D - the +1 storm dragon scales of Jule Use {Contam rElec rF++ Str+4 Dex+3}
   (Okawaru gifted it to you on level 3 of the Shoals)

   Str:       It affects your strength (+4).
   Dex:       It affects your dexterity (+3).
   rF:        It greatly protects you from fire.
   rElec:     It insulates you from electricity.
   Contam:    It causes magical contamination when unequipped.
 R - a scarf of repulsion
 T - a +2 cloak of stealth
 Z - the +0 buckler of the Pleiades (worn) {MP+9}
   (Okawaru gifted it to you on level 5 of the Lair of Beasts)

   MP:        It affects your magic capacity (+9).
Jewellery
 m - an amulet of regeneration
 C - an amulet of guardian spirit (around neck)
 E - a ring of protection from fire
 L - a +4 ring of protection (left hand)
 M - a +5 ring of evasion (right hand)
 U - a ring of protection from cold
Wands
 a - a wand of quicksilver (2)
 i - a wand of polymorph (18)
 u - a wand of digging (6)
 v - a wand of mindburst (27)
 I - a wand of iceblast (13)
Scrolls
 h - 2 scrolls of immolation
 j - 6 scrolls of amnesia
 q - 8 scrolls of teleportation
 s - 7 scrolls of magic mapping
 w - 6 scrolls of identify
 z - 2 scrolls of silence
 G - 4 scrolls of enchant armour
 K - a scroll of enchant weapon
 O - a scroll of brand weapon
Potions
 d - a potion of flight
 f - 4 potions of heal wounds
 k - 13 potions of curing
 n - 4 potions of brilliance
 r - 4 potions of cancellation
 t - 4 potions of might
 x - 5 potions of magic
 F - 2 potions of haste
 P - a potion of resistance
 S - 4 potions of lignification
 X - 3 potions of invisibility
 Y - 5 potions of berserk rage
Miscellaneous
 N - a condenser vane (inert)


   Skills:
 * Level 10.8(15.8) Fighting
 - Level 8.6(13.6) Short Blades
 * Level 7.7(12.7) Polearms
 - Level 9.0(14.0) Throwing
 + Level 5.1(10.1) Armour
 + Level 12.1(17.1) Dodging
 - Level 12.2(17.2) Stealth
 * Level 4.3(9.3) Shields
 + Level 11.0 Spellcasting
 - Level 3.8 Conjurations
 + Level 9.6 Hexes
 - Level 11.5 Translocations
 + Level 7.4 Air Magic
 + Level 7.8 Invocations
 + Level 0.9 Evocations


You had 9 spell levels left.
You knew the following spells:

 Your Spells              Type           Power      Damage    Failure   Level
a - Blink                 Tloc           96%        N/A       1%          2
b - Lesser Beckoning      Tloc           96%        N/A       1%          2
c - Teleport Other        Tloc           48%        N/A       1%          3
d - Manifold Assault      Tloc           48%        N/A       1%          4
e - Swiftness             Air            34%        N/A       1%          3
f - Static Discharge      Conj/Air       56%        2-5/arc   1%          2
g - Dazzling Flash        Conj/Hex       64%        N/A       2%          3
h - Cause Fear            Hex            21%        N/A       2%          4
i - Silence               Hex/Air        19%        N/A       11%         5

Your spell library contained the following spells:

 Spells                   Type           Power      Damage    Failure   Level
 Shock                    Conj/Air       100%       1d9       1%          1
 Momentum Strike          Conj/Tloc      70%        3d9       1%          2
 Portal Projectile        Hex/Tloc       90%        N/A       1%          3
 Vhi's Electric Charge    Tloc/Air       82%        N/A       1%          3
 Volatile Blastmotes      Fire/Tloc      56%        2d14      3%          3
 Poisonous Vapours        Pois/Air       44%        N/A       4%          2
 Iskenderun's Mystic Bla  Conj/Tloc      35%        2d8       5%          4
 Foxfire                  Conj/Fire      60%        2x1d7     6%          1
 Kiss of Death            Conj/Necr      60%        2d10      6%          1
 Airstrike                Air            17%        2d(3-19)  6%          4
 Cigotuvi's Dreadful Rot  Necr/Pois/Air  34%        N/A       7%          2
 Mephitic Cloud           Conj/Pois/Air  22%        N/A       9%          3
 Necrotise                Necr           36%        1d5       13%         1
 Sandblast                Erth           18%        2d7       13%         1
 Sting                    Tmut/Pois      36%        1d4       13%         1
 Stone Arrow              Conj/Erth      30%        3d8       19%         3
 Passwall                 Tmut/Erth      7%         N/A       21%         2
 Scorch                   Fire           18%        2d5       21%         2
 Ozocubu's Armour         Ice            9%         N/A       36%         3
 Metabolic Englaciation   Hex/Ice        12%        N/A       45%         5
 Flame Wave               Conj/Fire      15%        2d7       52%         4
 Freezing Cloud           Conj/Ice/Air   11%        6-21      61%         5
 Olgreb's Toxic Radiance  Pois           9%         N/A       78%         4
 Petrify                  Tmut/Erth      9%         N/A       78%         4
 Fireball                 Conj/Fire      7%         3d5       86%         5
 Conjure Ball Lightning   Conj/Air       14%        3x3d6     90%         6
 Agony                    Necr           9%         N/A       98%         5
 Blade Hands              Tmut           4%         N/A       98%         5
 Borgnjor's Vile Clutch   Necr/Erth      4%         N/A       98%         5
 Plasma Beam              Fire/Air       11%        2x1d24    99%         6
 Starburst                Conj/Fire      7%         6d4       100%        6
 Statue Form              Tmut/Erth      6%         N/A       100%        6
 Orb of Destruction       Conj           11%        9d6       100%        7
 Ozocubu's Refrigeration  Ice            4%         4d8       100%        7
 Discord                  Hex            21%        N/A       100%        8
 Disjunction              Tloc           24%        N/A       100%        8
 Necromutation            Tmut/Necr      4%         N/A       100%        8
 Polar Vortex             Ice            4%         N/A       100%        9
 Tukima's Dance           Hex            Unusable   N/A       N/A         3
 Summon Guardian Golem    Hex/Summ       Unusable   N/A       N/A         3
 Summon Lightning Spire   Summ/Air       Unusable   N/A       N/A         4
 Animate Dead             Necr           Unusable   N/A       N/A         4
 Death Channel            Necr           Unusable   N/A       N/A         6
 Simulacrum               Ice/Necr       Unusable   N/A       N/A         6
 Summon Cactus Giant      Summ           Unusable   N/A       N/A         6
 Spellforged Servitor     Conj/Summ      Unusable   N/A       N/A         7

Dungeon Overview and Level Annotations

Branches:
Dungeon (15/15)            Temple (1/1) D:7            Lair (5/5) D:11
 Shoals (4/4) Lair:3        Snake (1/4) Lair:2        Slime (0/5) Lair:5
    Orc (2/2) D:9             Elf (0/3) Orc:2        Vaults (0/5) D:14
 Bailey (visited)           IceCv (visited)
 Depths: D:15

Altars:
Ashenzari
Cheibriados
Dithmenos
Elyvilon
Fedhas
Gozag
Hepliaklqana
Kikubaaqudgha
Makhleb
Nemelex Xobeh
Okawaru
Qazlal
Ru
Sif Muna
Trog
Uskayaw
Vehumet
Wu Jian
Xom
Yredelemnul
Zin
The Shining One

Shops:
Orc:2 ([*=   Snake:1 (!(

Annotations:
D:3 3 runed translucent doors, Arunde's ghost, amateur HOFi
D:14 Kirke
Lair:1 1 runed translucent door, MrPagan1517's ghost, journeyman HOFi
Shoals:2 Polyphemus
Snake:1 Agnes; Jorgrun


Innate Abilities, Weirdness & Mutations

You are very small and have problems with some larger weapons.
You are too small for most types of armour.
You have supernaturally acute eyesight. (SInv)
You cover ground extremely quickly. (Speed+++)
You have a pair of small antennae on your head.
You are partially covered in large bone plates. (SH +4)
A frigid envelope surrounds you and freezes all who hurt you.
Potions are less effective at restoring your health.


Message History

Agnes attacks as you move away! Agnes barely misses you.
Agnes attacks as you move away!
Agnes hits you with a +4 lajatang of speed!
* * * LOW HITPOINT WARNING * * *
Agnes is very cold.
Agnes is severely wounded.
Agnes drinks a potion.
Agnes is healed!
Blink to where?
Press: ? - help, Dir - move target, p - Agnes
As you read the scroll of blinking, it crumbles to dust.
Aiming: Iceblast
Press: ? - help, Shift-Dir - straight line, f - you
Okay, then.
Throw: 7 boomerangs (silver)
Press: ? - help, Shift-Dir - straight line, f - Agnes
Aim: Agnes, wielding a +4 lajatang of speed and wearing a +2 robe of the Archmagi (translocational energy, heavily wounded, 50% to hit)
You throw a silver boomerang. The silver boomerang misses Agnes.
Aiming: Iceblast
Press: ? - help, Shift-Dir - straight line, p - Agnes The mass of ice explodes!
The iceblast engulfs Agnes!
Agnes is severely wounded.
Aiming: Iceblast
Press: ? - help, Shift-Dir - straight line The mass of ice explodes!
The iceblast engulfs Agnes!
Agnes is severely wounded.
Your system partially rejects the healing.
You feel much better. You block Agnes's attack.
As you read the scroll of fear, it crumbles to dust.
You assume a fearsome visage.
Agnes resists with some effort.
Agnes completely misses you. You block Agnes's attack.
Agnes hits you with a +4 lajatang of speed!!
* * * LOW HITPOINT WARNING * * *
Agnes is very cold.
Agnes is severely wounded.
Okay, then.
Okay, then.
Your system partially rejects the healing.
You feel much better.
Agnes hits you with a +4 lajatang of speed!!
You die...

#....# ##....###.#..)....#.###...
.((..# #.......}..∩.∩.∩.........
#.(..# #....###.#.......#.###...
#....# #......####.###.####.####
#....########....#...#...#.......
####...######....#..###..#...<...
###.i.........#..#.#..#.=.....
########)[..#.##.##)#.......
#..i@#.#>.##)#.......
#....#.#..##.#.......
#.........##.........
#.........########### ###########


You could see Agnes.

Vanquished Creatures
  Ilsuiw (Shoals:1)
  Aizul (Snake:1)
  A frost giant (IceCv)
  An orc warlord (Orc:1)
  Nessos (Lair:5)
  A merfolk javelineer (Shoals:2)
  2 merfolk impalers
  2 vault guards (Bailey)
  8 hydras
  Erica (D:8)
  An ogre mage (D:14)
  2 merfolk aquamancers (Shoals:3)
  A catoblepas (Shoals:1)
  4 two-headed ogres
  3 centaur warriors
  13 death yaks
  7 boulder beetles
  A satyr (Shoals:2)
  4 orc high priests
  2 skysharks
  A skeletal warrior (D:13)
  8 sea snakes
  A deep elf archer (D:14)
  A naga ritualist (Snake:1)
  4 orc knights
  6 deep elf pyromancers
  Pikel (D:7)
  4 harpies (Shoals:1)
  5 mana vipers (Snake:1)
  14 ugly things
  3 orc sorcerers (Orc:2)
  14 fauns
  5 cyclopes
  10 merfolk sirens
  8 manticores
  2 salamanders (Snake:1)
  8 black mambas
  An ice statue (IceCv)
  A naga mage (Snake:1)
  10 elephants
  A torpor snail (Lair:4)
  3 water nymphs
  2 gargoyles (D:10)
  8 cane toads
  Maggie (D:9)
  5 komodo dragons
  An unseen horror (D:10)
  3 yaktaurs (D:14)
  7 rime drakes
  3 kobold demonologists (D:12)
  2 tengu conjurers (D:14)
  4 trolls
  15 polar bears
  12 merfolk
  2 wind drakes (Shoals:2)
  9 hornets
  Prince Ribbit (Bailey)
  29 blink frogs
  6 dream sheep
  5 snapping turtles
  3 shadows
  10 slime creatures
  A spriggan (shapeshifter) (D:13)
  10 spriggans (Lair:5)
  8 water elementals
  2 vampires
  5 basilisks
  3 wyverns
  27 yaks
  3 humans (Bailey)
  10 wargs
  7 nagas
  10 vampire mosquitoes
  3 steam dragons
  Menkaure (D:7)
  8 water moccasins
  2 acid dragons
  4 ice beasts
  27 orc warriors
  3 black bears (Lair:5)
  3 sky beasts
  3 boggarts (Lair:5)
  14 ogres
  59 wolves
  6 centaurs
  A phantom (D:4)
  2 kobold brigands
  23 bullfrogs
  2 gnoll sergeants
  3 scorpions
  7 wights (D:9)
  6 killer bees
  2 howler monkeys (D:9)
  2 jellies
  14 orc priests
  A hound (D:4)
  An iron imp (D:3)
  6 iguanas
  Ijyb (D:3)
  16 orc wizards
  17 gnolls
  9 adders
  A shadow imp (D:6)
  An ufetubus (D:6)
  7 dart slugs
  64 orcs
  8 ball pythons
  3 bats
  3 endoplasms
  2 giant cockroaches
  40 goblins
  24 hobgoblins
  3 jackals (D:1)
  A quokka (D:4)
  3 frilled lizards (D:1)
  13 kobolds
  5 rats
806 creatures vanquished.

Vanquished Creatures (collateral kills)
  A hydra (Lair:5)
  A merfolk siren (Shoals:2)
  A spriggan (Lair:5)
  3 orc warriors (Orc:2)
  A boggart (Lair:5)
  2 orc priests (Orc:2)
  2 orc wizards (Orc:2)
  3 gnolls (D:7)
  6 orcs (Orc:2)
20 creatures vanquished.

Vanquished Creatures (others)
  An orc knight (Orc:2)
  A komodo dragon (Lair:5)
  11 tentacles (Shoals:2)
13 creatures vanquished.

Grand Total: 839 creatures vanquished

Notes
Turn   | Place    | Note
-------+----------+-------------------------------------------
     0 | D:1      | arthad the Spriggan Warper began the quest for the Orb.
     0 | D:1      | Reached XP level 1. HP: 10/10 MP: 5/5
    50 | D:1      | Reached XP level 2. HP: 13/15 MP: 6/6
   574 | D:1      | Reached XP level 3. HP: 18/18 MP: 8/8
   601 | D:1      | Learned a level 2 spell: Blink
   604 | D:1      | Learned a level 2 spell: Lesser Beckoning
   608 | D:1      | Learned a level 3 spell: Teleport Other
   873 | D:2      | Reached skill level 1 in Stealth
   913 | D:2      | Found a sparkling altar of Nemelex Xobeh.
  1368 | D:3      | Reached XP level 4. HP: 23/23 MP: 9/9
  1369 | D:3      | Noticed a scorpion
  1609 | D:2      | HP: 1/23 [poisoned by an adder]
  1719 | D:2      | Reached XP level 5. HP: 27/27 MP: 10/10
  1816 | D:3      | Reached skill level 5 in Translocations
  1881 | D:3      | Found a bloodstained altar of Trog.
  1889 | D:3      | Noticed Ijyb
  1951 | D:3      | Killed Ijyb
  2153 | D:3      | Found a runed translucent gate.
  2153 | D:3      | Found a runed translucent gate.
  2154 | D:3      | Found a runed translucent gate.
  2154 | D:3      | Found an opulent altar of Gozag.
  2156 | D:3      | Noticed Arunde's ghost (amateur HOFi)
  2182 | D:3      | Found a hide-covered altar of Uskayaw.
  2347 | D:3      | Reached XP level 6. HP: 29/32 MP: 12/12
  2836 | D:4      | Found a burning altar of Makhleb.
  3453 | D:5      | Entered Level 5 of the Dungeon
  3588 | D:5      | Noticed an unseen horror
  3601 | D:5      | Reached XP level 7. HP: 36/36 MP: 13/13
  3720 | D:5      | Found a glowing golden altar of the Shining One.
  3879 | D:5      | Reached skill level 5 in Short Blades
  4277 | D:5      | Reached skill level 5 in Dodging
  4546 | D:5      | Reached XP level 8. HP: 42/42 MP: 15/15
  4618 | D:5      | Identified the +8 plate armour of Feral Leaves {rElec
                  | Str+5}
  5952 | D:6      | Reached skill level 5 in Stealth
  5965 | D:6      | Found a snail-covered altar of Cheibriados.
  6072 | D:6      | Reached skill level 1 in Air Magic
  6351 | D:6      | Learned a level 4 spell: Manifold Assault
  6355 | D:6      | Learned a level 3 spell: Swiftness
  6672 | D:7      | Found a staircase to the Ecumenical Temple.
  6680 | Temple   | Entered the Ecumenical Temple
  6696 | Temple   | Became a worshipper of Warmaster Okawaru
  6773 | D:7      | Reached skill level 5 in Spellcasting
  6946 | D:7      | Reached XP level 9. HP: 46/46 MP: 17/17
  7055 | D:7      | Identified the +12 great sword of the World {heavy, rElec
                  | rPois Dex-4}
  7144 | D:7      | Reached * piety under Okawaru
  7202 | D:7      | Found an opulent altar of Gozag.
  7406 | D:7      | Identified the +1 pair of boots of Panentheism {Int+3 SInv}
  7508 | D:7      | Reached skill level 1 in Hexes
  7581 | D:7      | Noticed Pikel
  7609 | D:7      | Killed Pikel
  7610 | D:7      | Reached skill level 5 in Fighting
  7610 | D:7      | Reached skill level 1 in Invocations
  7666 | D:7      | Noticed Menkaure
  7679 | D:7      | Killed Menkaure
  7877 | D:8      | Found a flagged portal.
  7938 | Bailey   | Entered a bailey
  7944 | Bailey   | Learned a level 2 spell: Static Discharge
  7974 | Bailey   | Reached ** piety under Okawaru
  8133 | Bailey   | Reached XP level 10. HP: 20/51 MP: 8/20
  8274 | Bailey   | Noticed Prince Ribbit
  8274 | Bailey   | Noticed a vault guard
  8304 | Bailey   | Noticed a vault guard
  8305 | Bailey   | Identified 3 scrolls of acquirement
  8305 | Bailey   | Acquired Nutsead's Compilation of Morbid Ill Luck
  8316 | Bailey   | Gained mutation: You occasionally lose the ability to drink
                  | potions when taking damage. [potion of mutation]
  8316 | Bailey   | Gained mutation: You are partially covered in iridescent
                  | scales. (AC +2) [potion of mutation]
  8316 | Bailey   | Gained mutation: Potions are less effective at restoring
                  | your health. [potion of mutation]
  8316 | Bailey   | Gained mutation: You have a somewhat thin skeletal
                  | structure. (Dex +2, Stealth+) [potion of mutation]
  8350 | Bailey   | Killed a vault guard
  8350 | Bailey   | Reached *** piety under Okawaru
  8363 | Bailey   | Killed Prince Ribbit
  8407 | Bailey   | Acquired a +2 cloak of stealth
  8626 | Bailey   | Acquired a +0 quick blade of draining
  8734 | Bailey   | Killed a vault guard
  8922 | D:8      | Noticed a boulder beetle
  8957 | D:8      | Killed a boulder beetle
  8957 | D:8      | Received a gift from Okawaru
  9090 | D:8      | Found an ancient bone altar of Kikubaaqudgha.
  9282 | D:8      | Reached skill level 5 in Throwing
  9302 | D:8      | Noticed a two-headed ogre
  9590 | D:9      | Noticed Maggie
  9660 | D:8      | Killed a two-headed ogre
  9660 | D:8      | Reached **** piety under Okawaru
  9683 | D:9      | Noticed Erica
  9718 | D:8      | Killed Erica
  9719 | D:8      | Reached XP level 11. HP: 50/56 MP: 19/22
  9837 | D:9      | Found a radiant altar of Vehumet.
 10156 | D:9      | Killed Maggie
 10165 | D:9      | Learned a level 3 spell: Dazzling Flash
 10474 | D:9      | Found a staircase to the Orcish Mines.
 10891 | D:10     | Entered Level 10 of the Dungeon
 10897 | D:10     | Reached ***** piety under Okawaru
 11029 | D:10     | Noticed a two-headed ogre
 11072 | D:10     | Killed a two-headed ogre
 11175 | D:10     | Found a basalt altar of Yredelemnul.
 11177 | D:10     | Found a glowing silver altar of Zin.
 11188 | D:10     | Noticed a boulder beetle
 11237 | D:10     | Killed a boulder beetle
 11238 | D:10     | Reached skill level 1 in Polearms
 11259 | D:10     | Found a large runed translucent door.
 11259 | D:10     | Found a large runed translucent door.
 11262 | D:10     | Identified the +2 falchion of Red Wine {elec, *Noise rPois
                  | rN+}
 11704 | D:10     | Found a blossoming altar of Fedhas.
 11704 | D:10     | Noticed a two-headed ogre
 11707 | D:10     | Found a shimmering blue altar of Sif Muna.
 11825 | D:11     | Found a frozen archway.
 11834 | IceCv    | Entered an ice cave
 11840 | IceCv    | Reached skill level 1 in Conjurations
 12012 | IceCv    | Noticed a death yak
 12162 | IceCv    | Noticed a death yak
 12183 | IceCv    | Killed a death yak
 12197 | IceCv    | Killed a death yak
 12204 | IceCv    | Reached skill level 5 in Hexes
 12343 | IceCv    | Received a gift from Okawaru
 12370 | IceCv    | Noticed a death yak
 12392 | IceCv    | Killed a death yak
 12393 | IceCv    | Reached skill level 1 in Armour
 12575 | IceCv    | Noticed a white ugly thing
 12576 | IceCv    | Noticed a death yak
 12596 | IceCv    | Killed a white ugly thing
 12619 | IceCv    | Killed a death yak
 12620 | IceCv    | Reached XP level 12. HP: 9/63 MP: 5/24
 12721 | IceCv    | Lost mutation: You occasionally lose the ability to drink
                  | potions when taking damage. [potion of mutation]
 12721 | IceCv    | Lost mutation: You are partially covered in iridescent
                  | scales. (AC +2) [potion of mutation]
 12721 | IceCv    | Lost mutation: You have a somewhat thin skeletal structure.
                  | (Dex +2, Stealth+) [potion of mutation]
 12721 | IceCv    | Gained mutation: You do not regenerate when monsters are
                  | visible. [potion of mutation]
 12721 | IceCv    | Gained mutation: You are vulnerable to cold. (rC-) [potion
                  | of mutation]
 12822 | IceCv    | Lost mutation: You are vulnerable to cold. (rC-) [potion of
                  | mutation]
 12822 | IceCv    | Lost mutation: You do not regenerate when monsters are
                  | visible. [potion of mutation]
 12822 | IceCv    | Gained mutation: You are partially covered in large bone
                  | plates. (SH +4) [potion of mutation]
 12822 | IceCv    | Gained mutation: You have hidden genetic potential. [potion
                  | of mutation]
 13109 | IceCv    | Noticed a death yak
 13148 | IceCv    | Killed a death yak
 13442 | IceCv    | Noticed a death yak
 13445 | IceCv    | Noticed a death yak
 13584 | IceCv    | Killed a death yak
 13616 | IceCv    | Killed a death yak
 13854 | IceCv    | Noticed a death yak
 13854 | IceCv    | Noticed a frost giant
 13857 | IceCv    | Received a gift from Okawaru
 13858 | IceCv    | Reached skill level 10 in Translocations
 13861 | IceCv    | Killed a death yak
 13861 | IceCv    | Killed a frost giant
 14089 | D:11     | Found a broken altar of Ashenzari.
 14401 | D:11     | Found a staircase to the Lair.
 14826 | D:12     | Received a gift from Okawaru
 14981 | D:12     | Reached skill level 10 in Stealth
 15024 | D:12     | Reached ****** piety under Okawaru
 15092 | D:12     | Noticed a boulder beetle
 15180 | D:12     | Noticed a boulder beetle
 15204 | D:12     | Killed a boulder beetle
 15263 | D:12     | Noticed a two-headed ogre
 15297 | D:12     | Killed a boulder beetle
 15298 | D:12     | Reached skill level 5 in Invocations
 15318 | D:12     | Killed a two-headed ogre
 15395 | D:12     | Reached skill level 5 in Air Magic
 15429 | D:12     | Learned a level 4 spell: Cause Fear
 15519 | D:12     | Reached XP level 13. HP: 68/68 MP: 23/26
 15735 | D:12     | Gained mutation: A frigid envelope surrounds you and
                  | freezes all who hurt you. [hidden potential]
 16480 | D:12     | Acquired 1207 gold pieces
 17122 | D:13     | HP: 3/68 [vampire mosquito (2)]
 17126 | D:14     | Received a gift from Okawaru
 17655 | D:13     | Received a gift from Okawaru
 18432 | D:14     | Found a gate to the Vaults.
 18630 | D:14     | Identified the +1 robe of the Vestibule of Hell {rN+ Will+
                  | Str-2} (Okawaru gifted it to you on level 14 of the
                  | Dungeon)
 18630 | D:14     | Received a gift from Okawaru
 18671 | D:14     | Reached skill level 5 in Polearms
 19070 | D:14     | Reached XP level 14. HP: 15/74 MP: 4/28
 19083 | D:14     | Reached skill level 10 in Dodging
 19259 | D:14     | Gained mutation: You have a pair of small antennae on your
                  | head. [hidden potential]
 19259 | D:14     | Lost mutation: You have hidden genetic potential. [hidden
                  | potential expressed]
 19294 | D:14     | Noticed Kirke
 19409 | D:14     | You fall into a shaft and drop 1 floor!
 19409 | D:15     | Entered Level 15 of the Dungeon
 19570 | Lair:1   | Entered Level 1 of the Lair of Beasts
 19710 | Lair:1   | Found a runed translucent door.
 19710 | Lair:1   | Noticed MrPagan1517's ghost (journeyman HOFi)
 21140 | Lair:2   | Found a staircase to the Snake Pit.
 21586 | Lair:3   | Received a gift from Okawaru
 21586 | Lair:3   | Found the +9 scales of the Dragon King {rPois rF+ rC+
                  | Will+}
 21989 | Lair:3   | Found a sparkling altar of Nemelex Xobeh.
 22057 | Lair:3   | Found a staircase to the Shoals.
 22137 | Lair:3   | Learned a level 5 spell: Silence
 23571 | Lair:4   | Identified the +11 spear "Vidghapn" {protect, rF+}
 23805 | Lair:5   | Entered Level 5 of the Lair of Beasts
 23807 | Lair:5   | Noticed Nessos
 25111 | Lair:5   | Received a gift from Okawaru
 25118 | Lair:5   | Reached XP level 15. HP: 17/79 MP: 6/29
 25293 | Lair:5   | Killed Nessos
 25367 | Lair:5   | Found a staircase to the Slime Pits.
 25438 | Lair:5   | Identified the +0 buckler of the Pleiades {MP+9} (Okawaru
                  | gifted it to you on level 5 of the Lair of Beasts)
 25438 | Lair:5   | Received a gift from Okawaru
 25623 | Lair:5   | Reached skill level 10 in Spellcasting
 25913 | Lair:5   | Reached skill level 1 in Shields
 26893 | Orc:1    | Entered Level 1 of the Orcish Mines
 27253 | Orc:2    | Entered Level 2 of the Orcish Mines
 27466 | Orc:2    | Found a staircase to the Elven Halls.
 27766 | Orc:1    | Reached skill level 10 in Fighting
 29419 | Orc:2    | Received a gift from Okawaru
 29546 | Orc:2    | Found Wihimmi's General Store.
 29547 | Orc:2    | Found Xewiac's Jewellery Emporium.
 29549 | Orc:2    | Found Apah's Antique Armour Emporium.
 29549 | Orc:2    | Found Plog's Antique Weapon Shoppe.
 29554 | Orc:2    | Bought a potion of curing for 42 gold pieces
 29844 | Shoals:1 | Entered Level 1 of the Shoals
 30423 | Shoals:1 | Identified the +5 ice dragon scales "Xoaroc" {rF- rC++ rN+}
                  | (Okawaru gifted it to you on level 1 of the Shoals)
 30423 | Shoals:1 | Received a gift from Okawaru
 31241 | Shoals:2 | Noticed Polyphemus
 31273 | Shoals:1 | Reached XP level 16. HP: 71/86 MP: 30/31
 31489 | Shoals:2 | Noticed Ilsuiw
 31568 | Shoals:1 | Killed Ilsuiw
 32626 | Shoals:2 | Noticed a kraken
 33765 | Shoals:3 | Identified the +1 storm dragon scales of Jule Use {Contam
                  | rElec rF++ Str+4 Dex+3} (Okawaru gifted it to you on level
                  | 3 of the Shoals)
 33765 | Shoals:3 | Received a gift from Okawaru
 34407 | Shoals:4 | Entered Level 4 of the Shoals
 34492 | Shoals:3 | Reached skill level 5 in Armour
 34749 | Snake:1  | Entered Level 1 of the Snake Pit
 34762 | Snake:1  | Found Emeddihom's Weapon Shoppe.
 34762 | Snake:1  | Found Dekemoos's Distillery.
 34897 | Snake:1  | Found Qiaprus's Antique Weapon Shoppe.
 34910 | Snake:1  | Bought 2 potions of heal wounds for 180 gold pieces
 34910 | Snake:1  | Bought a potion of curing for 54 gold pieces
 34910 | Snake:1  | Bought a potion of curing for 54 gold pieces
 34910 | Snake:1  | Bought a potion of magic for 144 gold pieces
 34970 | Snake:1  | Noticed Aizul
 35016 | Snake:1  | Killed Aizul
 35226 | Snake:1  | Noticed Jorgrun
 35325 | Snake:1  | Noticed Agnes
 35351 | Snake:1  | Slain by Agnes

Illustrated notes

Levels and vault maps discovered:
D:1:      wheals_arrival_shading, layout_basic
D:2:      layout_basic, basic_altar
D:3:      layout_basic, mainiacjoe_overflow_chevrons, old_standard_altar,
          ebering_ghost_gozag, uniq_ijyb
D:4:      layout_basic, demons_altar, nicolae_kite_square_tiling_tiny,
          kennysheep_generic_room_12
D:5:      minmay_goblin_kobold_castle, layout_basic, lemuel_tele_altar,
          lightli_corner_chamber
D:6:      layout_cave_pods, cheibriados_altar_1
D:7:      layout_loops_ring, lemuel_round_altar, minmay_temple_entry_junction,
          nrook_loot_triangle, uniq_pikel, uniq_menkaure
D:8:      layout_basic, general_overflow_altar, enter_bailey_5
D:9:      layout_basic, david_orc_2, kennysheep_small_circle, uniq_erica,
          uniq_prince_ribbit1, uniq_maggie
D:10:     layout_roguey, jmf_multi_god_temple2, nicolae_overflow_hidden_temple
D:11:     layout_rooms, hellmonk_lair_entry_icy,
          portal_ice_cave_entry_pillars_2, evilmike_ruin_ashenzari
D:12:     layout_grid_maze
D:13:     layout_loops_ring
D:14:     layout_basic, hangedman_vaults_entry_quadrant_bands, serial_rivers,
          chequers_serial_rivers_small_b, chequers_serial_rivers_micro_d,
          chequers_serial_rivers_micro_b, chequers_serial_rivers_marsh,
          chequers_serial_rivers_small_3, chequers_serial_rivers_large_a,
          uniq_kirke
D:15:     hangedman_depths_entry_civil_slaughter, layout_rooms,
          gammafunk_ghost_arena, dreamdust_wishing_well,
          lemuel_zombie_altar_yredelemnul
Temple:   minmay_freezing_vapour_temple
Lair:1:   wander_river, layout_cave_pods, hellmonk_ghost_happy_afterlife,
          cheibrodos_lair_lostbears
Lair:2:   layout_regular_city, guppyfry_snake_entry_garden, grunt_megastairs_2,
          infiniplex_staircase_pool_2
Lair:3:   layout_small_grid, shoals_dummy_entry, basic_altar
Lair:4:   layout_hall_layers, st_stairs_3, grunt_megastairs_4
Lair:5:   minmay_lair_end_enchanted_forest, layout_regular_city, slime_entry_1,
          uniq_nessos
Shoals:1: layout_shoals
Shoals:2: layout_shoals, uniq_ilsuiw, uniq_polyphemus
Shoals:3: layout_shoals
Shoals:4: shoals_end_grunt_garden, layout_shoals, shoal_ilsuiw
Snake:1:  layout_rooms, minmay_shop_star, uniq_aizul, uniq_agnes, uniq_jorgrun
Orc:1:    layout_caves, mines5_lemuel
Orc:2:    st_orc_congregation, layout_caves

Skill      XL: |  1  2  3  4  5  6  7  8  9 10 11 12 13 14 15 16 |
---------------+-------------------------------------------------+-----
Fighting       | 2 3 4 5 6 7 8 9 10 | 10.8
Spellcasting   | 3 4 5 6 7 8 9 10 11 | 11.0
Stealth        | 1 2 3 4 5 6 8 9 10 11 12 | 12.2
Short Blades   | 3 4 5 6 7 8 |  8.6
Translocations | 5 6 7 8 9 10 11 | 11.5
Throwing       | 2 3 4 5 6 7 8 9 |  9.0
Dodging        | 4 5 6 7 8 9 10 11 12 | 12.1
Air Magic      | 1 2 3 4 5 6 7 |  7.4
Hexes          | 2 4 5 6 7 8 9 |  9.6
Invocations    | 2 3 4 5 6 7 |  7.8
Polearms       | 2 3 5 6 7 |  7.7
Conjurations   | 1 2 3 |  3.8
Armour         | 1 2 3 4 5 |  5.1
Shields        | 3 4 |  4.3
Evocations     | |  0.9

Action                     |  1- 3 |  4- 6 |  7- 9 | 10-12 | 13-15 | 16-18 || total
---------------------------+-------+-------+-------+-------+-------+-------++-------
  Melee: Dagger            |    89 |   205 |   563 |    61 |       |       ||   918
         Short sword       |     9 |       |       |       |       |       ||     9
         Punch             |       |     2 |    10 |    28 |    27 |       ||    67
         Quick blade       |       |       |       |   199 |       |       ||   199
         Lance             |       |       |       |   646 |  2810 |   704 ||  4160
  Throw: Dart              |       |       |     6 |   127 |   247 |    33 ||   413
         Boomerang         |       |       |    27 |   123 |    90 |   201 ||   441
         Throwing net      |       |       |       |     2 |       |       ||     2
   Cast: Static Discharge  |       |       |       |     7 |       |       ||     7
         Teleport Other    |       |       |       |     1 |       |       ||     1
         Manifold Assault  |       |       |       |     1 |     2 |       ||     3
 Invoke: Heroism           |       |       |     2 |     9 |     8 |     6 ||    25
         Finesse           |       |       |       |       |       |     1 ||     1
  Evoke: Wand              |       |       |    13 |    17 |    10 |     8 ||    48
         Condenser vane    |       |       |       |     1 |     3 |     1 ||     5
    Use: Potion            |     1 |     2 |     3 |    23 |     4 |     5 ||    38
         Scroll            |       |       |     6 |    12 |     7 |     5 ||    30
   Stab: Sleeping          |     2 |     5 |     9 |    19 |    31 |     4 ||    70
         Distracted        |       |       |     1 |       |     4 |     1 ||     6
         Confused          |       |       |       |     1 |     3 |       ||     4
         Invisible         |       |       |       |     2 |    11 |     3 ||    16
         Held in net/web   |       |       |       |     1 |       |       ||     1
 Armour: Robe              |     6 |     5 |    46 |    62 |       |       ||   119
         Skin              |       |       |       |    14 |       |       ||    14
         Troll leather arm |       |       |       |     2 |   252 |    23 ||   277
  Dodge: Dodged            |    68 |   129 |   456 |   648 |  2243 |   494 ||  4038
  Block: Other             |       |       |       |    32 |   174 |       ||   206
         Buckler           |       |       |       |       |   482 |   236 ||   718
